 Dungeon Crawl Stone Soup version 0.20.1-1-g8b1a95d (webtiles) character file.

39142 Giltor the Bewitcher (level 13, -18/56 HPs)
             Began as a Spriggan Enchanter on Aug 29, 2017.
             Was the Champion of Okawaru.
             Demolished by a dream sheep (28 damage)
             ... on level 4 of the Lair of Beasts.
             The game lasted 03:59:11 (23335 turns).

Giltor the Bewitcher (Spriggan Enchanter)          Turns: 23335, Time: 03:59:12

Health: -18/56     AC:  7    Str: 13      XL:     13   Next: 67%
Magic:  19/28      EV: 27    Int: 16      God:    Okawaru [******]
Gold:   675        SH:  0    Dex: 21 (22) Spells: 14/32 levels left

rFire    . . .     SeeInvis +   Q - +2 dagger (drain)
rCold    + . .     Gourm    .   (shield restricted)
rNeg     . . .     Faith    .   a - +1 robe of Hinijaic {+Fly Stlth+}
rPois    +         Spirit   .   (helmet restricted)
rElec    +         Reflect  +   b - +2 cloak {rPois}
rCorr    .         Harm     .   (gloves unavailable)
MR       +++..     Rnd*Rage +   (boots unavailable)
Stlth    ++++++....             O - brooch of Shielding {Reflect SH+8}
Regen    0.2/turn               k - ring of Joqihini {rC+ Str+5}
MPRegen  0.3/turn               u - ring of the Scarab {rElec MR+ Dex+2 Slay+2 Stlth-}

@: sleeping, very quick
A: unfitting armour, yellow scales 1, see invisible, agile 1, berserk 1,
deformed body, deterioration 1, herbivore 3, speed 3, slow metabolism 2
a: Heroism, Finesse, Renounce Religion, Evoke Flight


You were on level 4 of the Lair of Beasts.
You worshipped Okawaru.
Okawaru was exalted by your worship.
You were completely stuffed.

You visited 3 branches of the dungeon, and saw 16 of its levels.
You also visited: Ossuary.

You collected 2081 gold pieces.
You spent 1406 gold pieces at shops.

Inventory:

Hand Weapons
 P - a +4 dagger of holy wrath
 Q - a +2 dagger of draining (weapon)
Missiles
 q - 20 poisoned needles
Armour
 a - the +1 robe of Hinijaic (worn) {+Fly Stlth+}
   (Okawaru gifted it to you on level 2 of the Orcish Mines)

   It lets you fly.
   It makes you more stealthy.
 b - a +2 cloak of poison resistance (worn)
Jewellery
 k - the ring of Joqihini (left hand) {rC+ Str+5}
   (You bought it in a shop on level 8 of the Dungeon)

   [ring of protection from cold]

   It affects your strength (+5).
   It protects you from cold.
 o - the ring "Byxiuronugh" {Int+4 Slay+1}
   (You bought it in a shop on level 8 of the Dungeon)

   [ring of slaying]

   It affects your intelligence (+4).
   It affects your accuracy and damage with ranged weapons and melee attacks
   (+1).
 s - an uncursed ring of ice
 u - the ring of the Scarab (right hand) {rElec MR+ Dex+2 Slay+2 Stlth-}
   (You found it on level 3 of the Lair of Beasts)

   [ring of loudness]

   It affects your dexterity (+2).
   It affects your accuracy and damage with ranged weapons and melee attacks
   (+2).
   It insulates you from electricity.
   It affects your resistance to hostile enchantments.
   It makes you less stealthy.
 C - an uncursed ring of resist corrosion
 F - an uncursed ring of flight
 O - the brooch of Shielding (around neck) {Reflect SH+8}
   (You found it on level 9 of the Dungeon)

   [amulet of reflection]

   It shields you and reflects attacks.
   It affects your SH (+8).
Wands
 t - a wand of acid (6/15)
 B - a wand of iceblast (12/15)
 E - a wand of lightning (7/15)
 R - a wand of iceblast (7/15)
 Z - a wand of paralysis (18/24)
Scrolls
 g - 3 scrolls of amnesia
 l - 3 scrolls of fog
 m - 2 scrolls of blinking
 n - a scroll of immolation
 p - 5 scrolls of remove curse
 w - a scroll of recharging
 y - 5 scrolls of teleportation
 z - a scroll of silence
 D - 2 scrolls of fear
 H - a scroll of magic mapping
 T - a scroll of enchant armour
 X - 2 scrolls of vulnerability {unknown}
Potions
 d - 6 potions of heal wounds
 e - 8 potions of curing
 h - 2 potions of haste
 v - 2 potions of might
 G - 2 potions of lignification
 I - 6 potions of agility
 J - 2 potions of ambrosia
 K - 2 potions of berserk rage {unknown}
 L - 2 potions of degeneration {unknown}
 U - 2 potions of brilliance {unknown}
 V - 2 potions of resistance {unknown}
 Y - 2 potions of invisibility {unknown}
Books
 c - a book of Maledictions

   Spells                             Type                      Level
   a - Corona                         Hexes                        1
   b - Ensorcelled Hibernation        Hexes/Ice                    2
   c - Confuse                        Hexes                        3
   d - Tukima's Dance                 Hexes                        3
   e - Dazzling Spray                 Conjuration/Hexes            3
 f - a book of Changes

   Spells                             Type                      Level
   a - Beastly Appendage              Transmutation                1
   b - Sticks to Snakes               Transmutation                2
   c - Spider Form                    Transmutation/Poison         3
   d - Ice Form                       Ice/Transmutation            4
   e - Blade Hands                    Transmutation                5
 j - a Young Poisoner's Handbook

   Spells                             Type                      Level
   a - Sting                          Conjuration/Poison           1
   b - Poisonous Vapours              Poison/Air                   2
   c - Mephitic Cloud                 Conjuration/Poison/Air       3
   d - Olgreb's Toxic Radiance        Poison                       4
   e - Venom Bolt                     Conjuration/Poison           5
 A - a book of Battle

   Spells                             Type                      Level
   a - Infusion                       Charms                       1
   b - Shroud of Golubria             Charms/Translocation         2
   c - Song of Slaying                Charms                       2
   d - Spectral Weapon                Hexes/Charms                 3
   e - Regeneration                   Charms/Necromancy            3
 M - a book of Frost

   Spells                             Type                      Level
   a - Freeze                         Ice                          1
   b - Throw Frost                    Conjuration/Ice              2
   c - Ozocubu's Armour               Charms/Ice                   3
   d - Throw Icicle                   Conjuration/Ice              4
   e - Summon Ice Beast               Ice/Summoning                4
 W - a book of Debilitation

   Spells                             Type                      Level
   a - Corona                         Hexes                        1
   b - Slow                           Hexes                        2
   c - Inner Flame                    Hexes/Fire                   3
   d - Portal Projectile              Hexes/Translocation          3
   e - Cause Fear                     Hexes                        4
   f - Leda's Liquefaction            Hexes/Earth                  4
Miscellaneous
 x - a phantom mirror
Comestibles
 i - 4 royal jellies
 r - 8 bread rations
 S - 9 fruits


   Skills:
 - Level 1.0 Fighting
 - Level 10.1 Short Blades
 - Level 10.0 Dodging
 - Level 15.0 Stealth
 - Level 10.0 Spellcasting
 - Level 16.0 Hexes
 - Level 10.1 Charms
 - Level 1.0 Necromancy
 - Level 1.1 Fire Magic
 - Level 2.0 Invocations
 * Level 7.9 Evocations


You had 14 spell levels left.
You knew the following spells:

 Your Spells              Type           Power        Failure   Level  Hunger
a - Regeneration          Chrm/Necr      ####......   2%          3    None
b - Ensorcelled Hibernat  Hex/Ice        ####..       1%          2    None
c - Confuse               Hex            ######..     1%          3    None
d - Tukima's Dance        Hex            ######..     1%          3    None
e - Inner Flame           Hex/Fire       #####...     1%          3    None
f - Cause Fear            Hex            ######....   1%          4    ###....


Dungeon Overview and Level Annotations

Branches:
Dungeon (10/15)            Temple (0/1) D:7            Lair (4/6) D:10
  Swamp (0/4) Lair:4          Orc (2/2) D:9             Elf (0/3) Orc:2
  Snake: Lair:2-4    Spider: Lair:2-4

Altars:
Ashenzari
Makhleb
Okawaru
Trog
The Shining One
Beogh

Shops:
D:5 *   D:6 =   D:7 **}}(   D:8 ==}   Orc:2 ((=?


Innate Abilities, Weirdness & Mutations

You are very small and have problems with some larger weapons.
You are too small for most types of armour.
You have supernaturally acute eyesight. (SInv)
You are a herbivore.
You cover ground extremely quickly.
You need consume almost no food.
You are partially covered in yellow scales. (AC +2)
You are agile. (Dex +2)
You tend to lose your temper in combat.
Armour fits poorly on your strangely shaped body.
Your body sometimes deteriorates upon taking damage.


Message History

Aim: a dream sheep (inner flame, chance to defeat MR: 67%)
The dream sheep appears confused.
Casting: Confuse
Confirm with . or Enter, or press ? or * to list all spells.
Aiming: Confuse
Press: ? - help, Shift-Dir - straight line, f - dream sheep, p - dream sheep
Aim: a dream sheep (chance to defeat MR: 67%)
The dream sheep struggles to resist.
The dream sheep are wreathed in dream dust.
You feel drowsy...
You fall asleep.
The dream sheep bites the fungus! x2; The dream sheep bites the dream sheep.
The dream sheep barely misses the dream sheep.
The dream sheep bites the fungus!
The dream sheep bites itself!
The dream sheep completely misses you. The dream sheep misses you.
The dream sheep misses you. The dream sheep closely misses you.
The dream sheep closely misses the dream sheep.
The dream sheep completely misses you.
The dream sheep bites the dream sheep!
The dream sheep bites you!!
Ouch! That really hurt!
You die...

.............##
..............#
.....#..+.#..##
.... ##..###.P# ...
#...##.## ..
#..###YY# .
...###Y## ##..##YY#
######@# ......
######P.#
.......#...#.P.##
##................#
.................##
.................##
..................#
.................##
.................#


You could see 5 dream sheep.

Vanquished Creatures
  An orc warlord (Orc:2)
  2 hydras
  5 ogre magi
  10 two-headed ogres (Orc:2)
  Sonja (Lair:4)
  2 orc high priests
  Nergalle (D:10)
  An orc knight (Orc:1)
  4 elephants (Lair:2)
  A manticore (Lair:3)
  6 spiny frogs
  2 rime drakes
  4 komodo dragons
  2 trolls (Orc:2)
  A queen bee (Lair:3)
  7 blink frogs
  11 hippogriffs
  A spriggan (D:7)
  2 dancing weapons
  13 yaks
  4 wyverns
  3 hungry ghosts
  2 wargs (D:9)
  4 water moccasins
  An ice beast (D:6)
  2 porcupines
  3 sky beasts
  A hornet zombie (D:10)
  12 orc warriors
  3 black bears
  2 phantoms
  22 ogres
  15 wolves
  3 centaurs
  8 crocodiles
  11 bullfrogs
  2 scorpions
  28 killer bees
  3 crimson imps
  A centaur zombie (Ossuary)
  3 quasits
  3 bullfrog zombies
  4 hounds
  A jelly (D:8)
  3 bullfrog skeletons
  17 orc priests
  2 centaur skeletons
  4 iguanas
  7 worker ants
  20 orc wizards
  2 hell rats (Lair:1)
  2 big kobold zombies (Ossuary)
  A hound zombie (D:6)
  A hound skeleton (D:4)
  5 mummies (Ossuary)
  A worker ant zombie (D:7)
  2 gnolls (D:7)
  11 adders
  4 river rats
  6 shadow imps
  An ooze (D:2)
  2 adder zombies
  5 leopard geckos
  75 orcs
  A ball python (D:4)
  4 bats
  8 giant cockroaches
  9 goblins
  8 hobgoblins
  6 kobolds
  A quokka (D:4)
  6 frilled lizards
  3 hobgoblin zombies (Ossuary)
  3 quokka skeletons
  17 rats
455 creatures vanquished.

Vanquished Creatures (collateral kills)
  An ettin (Orc:2)
  4 two-headed ogres
  An orc knight (Orc:2)
  4 orc warriors
  11 ogres
  A wolf (Lair:1)
  2 orc priests (Orc:2)
  An orc wizard (Orc:2)
  A gnoll (D:7)
  7 orcs
33 creatures vanquished.

Vanquished Creatures (others)
  5 dancing weapons
  A wolf (Lair:1)
  A killer bee (D:8)
  4 plants (Lair:3)
11 creatures vanquished.

Grand Total: 499 creatures vanquished

Notes
Turn   | Place    | Note
-------+----------+-------------------------------------------
     0 | D:1      | Giltor the Spriggan Enchanter began the quest for the Orb.
     0 | D:1      | Reached XP level 1. HP: 9/9 MP: 5/5
   207 | D:1      | Reached XP level 2. HP: 11/13 MP: 6/6
   228 | D:1      | Learned a level 2 spell: Ensorcelled Hibernation
   366 | D:1      | Reached skill level 4 in Hexes
  1452 | D:1      | Reached XP level 3. HP: 15/16 MP: 0/8
  1538 | D:2      | Learned a level 3 spell: Confuse
  2094 | D:2      | Reached skill level 5 in Stealth
  2255 | D:2      | Reached skill level 1 in Evocations
  2713 | D:3      | Found a bloodstained altar of Trog.
  2994 | D:3      | Reached XP level 4. HP: 21/21 MP: 6/9
  3154 | D:3      | Reached skill level 5 in Hexes
  3159 | D:3      | Learned a level 3 spell: Tukima's Dance
  3302 | D:3      | Reached XP level 5. HP: 24/24 MP: 6/10
  3392 | D:3      | Reached skill level 6 in Hexes
  3727 | D:3      | Reached skill level 7 in Hexes
  4082 | D:4      | Reached XP level 6. HP: 28/28 MP: 11/11
  4449 | D:4      | Found an iron altar of Okawaru.
  4458 | D:4      | Became a worshipper of Warmaster Okawaru
  4842 | D:5      | Entered Level 5 of the Dungeon
  4859 | D:5      | Reached skill level 1 in Invocations
  5009 | D:5      | Reached XP level 7. HP: 32/32 MP: 12/12
  5414 | D:5      | Found Biegixebas's Assorted Antiques.
  5433 | D:5      | Found a shattered altar of Ashenzari.
  5544 | D:5      | Reached * piety under Okawaru
  5771 | D:6      | Found Agot's Jewellery Shoppe.
  5772 | D:6      | Reached skill level 8 in Hexes
  5870 | D:6      | Reached skill level 9 in Hexes
  5911 | D:6      | Found a sand-covered staircase.
  5923 | Ossuary  | Entered an ossuary
  6053 | Ossuary  | Reached XP level 8. HP: 31/36 MP: 15/15
  6890 | D:7      | Found Qigait's Assorted Antiques.
  6902 | D:7      | Reached ** piety under Okawaru
  6932 | D:7      | Bought a scroll of identify for 46 gold pieces
  6932 | D:7      | Bought a steaming ivory amulet for 115 gold pieces
  6932 | D:7      | Identified the amulet "Bexeu" {+Rage rN+ Str+6 Int-5} (You bought it in a shop on level 7 of the Dungeon)
  6933 | D:7      | Bought a serpentine ivory amulet for 115 gold pieces
  6933 | D:7      | Identified the amulet of Gozag's Fury {+Rage Str+3} (You bought it in a shop on level 7 of the Dungeon)
  6946 | D:7      | Found Ynnus's Gadget Shop.
  6975 | D:7      | Found Avimuq's General Store.
  7009 | D:7      | Reached skill level 5 in Dodging
  7087 | D:7      | Bought a scroll of identify for 26 gold pieces
  7087 | D:7      | Bought a scroll of fear for 45 gold pieces
  7170 | D:7      | Found a burning altar of Makhleb.
  7355 | D:7      | Found Lopnip's Antique Weapon Boutique.
  7443 | D:7      | Reached skill level 10 in Hexes
  7780 | D:7      | Found a staircase to the Ecumenical Temple.
  7813 | D:7      | Found Cosoetui's Gadget Boutique.
  8105 | D:6      | Reached XP level 9. HP: 15/39 MP: 10/16
  8114 | D:6      | Reached *** piety under Okawaru
  8114 | D:6      | Reached skill level 11 in Hexes
  8776 | D:7      | Gained mutation: You tend to lose your temper in combat. [potion of mutation]
  8776 | D:7      | Gained mutation: You are weak. (Str -2) [potion of mutation]
  8776 | D:7      | Gained mutation: You are agile. (Dex +2) [potion of mutation]
  8776 | D:7      | Gained mutation: You are partially covered in yellow scales. (AC +2) [potion of mutation]
  8987 | D:8      | Reached skill level 12 in Hexes
  9141 | D:8      | Found Etuab's Gadget Shop.
  9184 | D:8      | Noticed a two-headed ogre
  9239 | D:8      | Reached skill level 10 in Stealth
  9241 | D:8      | Killed a two-headed ogre
  9442 | D:8      | Reached **** piety under Okawaru
  9659 | D:8      | Found Ytuqoal's Jewellery Emporium.
  9695 | D:8      | Found Suenni's Jewellery Shoppe.
  9751 | D:8      | Reached skill level 1 in Fighting
 10298 | D:9      | Lost mutation: You are agile. (Dex +2) [potion of mutation]
 10298 | D:9      | Lost mutation: You are weak. (Str -2) [potion of mutation]
 10298 | D:9      | Lost mutation: You tend to lose your temper in combat. [potion of mutation]
 10298 | D:9      | Gained mutation: Armour fits poorly on your strangely shaped body. [potion of mutation]
 10298 | D:9      | Gained mutation: Your body sometimes deteriorates upon taking damage. [potion of mutation]
 10298 | D:9      | Gained mutation: You are agile. (Dex +2) [potion of mutation]
 10355 | D:9      | Reached skill level 5 in Short Blades
 10418 | D:9      | Found a staircase to the Orcish Mines.
 10492 | D:9      | Reached XP level 10. HP: 45/45 MP: 10/17
 10592 | D:9      | Reached skill level 5 in Spellcasting
 10761 | Orc:1    | Entered Level 1 of the Orcish Mines
 11110 | Orc:1    | Noticed an orc high priest
 11332 | Orc:1    | Noticed a soul eater
 11536 | Orc:1    | Killed an orc high priest
 11559 | D:9      | Reached ***** piety under Okawaru
 11939 | Orc:1    | Noticed an orc knight
 11961 | Orc:1    | Killed an orc knight
 12188 | D:9      | Reached skill level 13 in Hexes
 12988 | Orc:1    | Noticed an ogre mage
 13022 | Orc:1    | Killed an ogre mage
 13022 | Orc:1    | Reached skill level 14 in Hexes
 13451 | Orc:2    | Entered Level 2 of the Orcish Mines
 13619 | Orc:2    | Noticed an ettin
 13922 | Orc:2    | Killed an ettin
 13922 | Orc:2    | Received a gift from Okawaru
 13922 | Orc:2    | Reached XP level 11. HP: 49/49 MP: 13/24
 14018 | Orc:2    | Found a roughly hewn altar of Beogh.
 14091 | Orc:2    | Found a staircase to the Elven Halls.
 14320 | Orc:2    | Noticed a two-headed ogre
 14343 | Orc:2    | Killed a two-headed ogre
 14343 | Orc:2    | Reached skill level 15 in Hexes
 14405 | Orc:2    | Noticed an orc knight
 14440 | Orc:2    | Killed an orc knight
 14459 | Orc:2    | Noticed an ogre mage
 14543 | Orc:2    | Killed an ogre mage
 14545 | Orc:2    | Noticed an ogre mage
 14930 | Orc:2    | Noticed a two-headed ogre
 14956 | Orc:2    | Killed a two-headed ogre
 14956 | Orc:2    | Reached ****** piety under Okawaru
 14956 | Orc:2    | Received a gift from Okawaru
 14957 | Orc:2    | Got a transparent robe {god gift}
 14968 | Orc:2    | Identified the +1 robe of Hinijaic {+Fly Stlth+} (Okawaru gifted it to you on level 2 of the Orcish Mines)
 15034 | Orc:2    | Noticed a two-headed ogre
 15039 | Orc:2    | Noticed a two-headed ogre
 15039 | Orc:2    | Noticed an ogre mage
 15090 | Orc:2    | Noticed a two-headed ogre
 15095 | Orc:2    | Noticed a two-headed ogre
 15116 | Orc:2    | Killed a two-headed ogre
 15142 | Orc:2    | Killed a two-headed ogre
 15142 | Orc:2    | Reached skill level 15 in Stealth
 15291 | Orc:2    | Noticed a two-headed ogre
 15297 | Orc:2    | Noticed a two-headed ogre
 15303 | Orc:2    | Noticed a two-headed ogre
 15313 | Orc:2    | Killed a two-headed ogre
 15317 | Orc:2    | Noticed a two-headed ogre
 15317 | Orc:2    | Killed a two-headed ogre
 15417 | Orc:2    | Killed a two-headed ogre
 15453 | Orc:2    | Killed a two-headed ogre
 15648 | Orc:2    | Noticed an ogre mage
 15663 | Orc:2    | Killed a two-headed ogre
 15979 | Orc:2    | Killed an ogre mage
 15979 | Orc:2    | Reached XP level 12. HP: 53/53 MP: 16/25
 16068 | Orc:2    | Killed a two-headed ogre
 16073 | Orc:2    | Noticed an orc high priest
 16208 | Orc:2    | Killed an orc high priest
 16589 | Orc:2    | Killed an ogre mage
 16589 | Orc:2    | Reached skill level 10 in Short Blades
 16701 | Orc:2    | Noticed a two-headed ogre
 16714 | Orc:2    | Killed a two-headed ogre
 16714 | Orc:2    | Received a gift from Okawaru
 16737 | Orc:2    | Noticed a two-headed ogre
 16863 | Orc:2    | Noticed a two-headed ogre
 16879 | Orc:2    | Killed a two-headed ogre
 16881 | Orc:2    | Killed a two-headed ogre
 17052 | Orc:2    | Found Unuol's Jewellery Boutique.
 17052 | Orc:2    | Found Wulyibit's Magic Scroll Emporium.
 17053 | Orc:2    | Found Qam Elup's Weapon Boutique.
 17053 | Orc:2    | Found Zeeqaxt's Weapon Shoppe.
 17123 | Orc:2    | Noticed an orc warlord
 17149 | Orc:2    | Killed an orc warlord
 17484 | Orc:2    | Reached skill level 10 in Dodging
 17497 | Orc:2    | Killed an ogre mage
 17527 | Orc:2    | Found a roughly hewn altar of Beogh.
 17895 | Orc:2    | Received a gift from Okawaru
 18258 | D:8      | Bought the ring of Joqihini {rC+ Str+5} for 425 gold pieces
 18258 | D:8      | Bought the ring "Byxiuronugh" {Int+4 Slay+1} for 214 gold pieces
 18305 | D:8      | Bought a phantom mirror for 420 gold pieces
 18380 | D:10     | Entered Level 10 of the Dungeon
 18389 | D:10     | Found a glowing golden altar of the Shining One.
 18727 | D:10     | Noticed Nergalle
 18744 | D:10     | Killed Nergalle
 18921 | D:10     | Found a staircase to the Lair.
 18938 | D:10     | Learned a level 3 spell: Regeneration
 19064 | Lair:1   | Entered Level 1 of the Lair of Beasts
 19189 | Lair:1   | Reached skill level 10 in Spellcasting
 19217 | Lair:1   | Reached skill level 1 in Charms
 19585 | Lair:1   | Reached skill level 5 in Charms
 19887 | Lair:1   | Noticed a five-headed hydra
 19900 | Lair:1   | Killed a five-headed hydra
 20299 | Lair:1   | Reached XP level 13. HP: 49/56 MP: 18/28
 20485 | Lair:2   | Learned a level 3 spell: Inner Flame
 20502 | Lair:2   | Learned a level 4 spell: Cause Fear
 20667 | Lair:2   | Reached skill level 10 in Charms
 20672 | Lair:2   | Reached skill level 1 in Necromancy
 20725 | Lair:2   | Reached skill level 1 in Fire Magic
 20912 | Lair:2   | Got a bound ivory ring
 20914 | Lair:2   | Identified the cursed ring of Baryrebb {*Contam Int-2 Dex+4 Slay+3} (You found it on level 2 of the Lair of Beasts)
 20919 | Lair:2   | Gained mutation: You tend to lose your temper in combat. [mutagenic glow]
 21519 | Lair:3   | Got a fine silver ring
 21527 | Lair:3   | Identified the ring of the Scarab {rElec MR+ Dex+2 Slay+2 Stlth-} (You found it on level 3 of the Lair of Beasts)
 21950 | Lair:3   | Reached skill level 16 in Hexes
 22277 | Lair:3   | Received a gift from Okawaru
 22280 | Lair:3   | Reached skill level 5 in Evocations
 22283 | Lair:3   | Got a steaming hat {god gift}
 22557 | Lair:3   | Identified the +0 hat of Exaotz {+Fly} (Okawaru gifted it to you on level 3 of the Lair of Beasts)
 22948 | Lair:4   | Noticed Sonja
 22954 | Lair:4   | Killed Sonja
 22977 | Lair:4   | Found a staircase to the Swamp.
 23335 | Lair:4   | Demolished by a dream sheep

Skill      XL: |  1  2  3  4  5  6  7  8  9 10 11 12 13 |
---------------+----------------------------------------+-----
Short Blades   | 2 3 4 5 8 10 | 10.1
Hexes          | 4 5 7 9 10 12 14 15 16 | 16.0
Spellcasting   | 3 4 8 10 | 10.0
Stealth        | 5 7 9 12 15 | 15.0
Evocations     | 1 7 |  7.9
Invocations    | 2 |  2.0
Dodging        | 5 10 | 10.0
Fighting       | 1 |  1.0
Charms         | 7 10 | 10.1
Necromancy     | 1 |  1.0
Fire Magic     | 1 |  1.1

Action                   |  1- 3 |  4- 6 |  7- 9 | 10-12 | 13-15 || total
-------------------------+-------+-------+-------+-------+-------++-------
Melee: Dagger            |   122 |    73 |   306 |   622 |   223 ||  1346
 Cast: Corona            |     3 |       |       |       |       ||     3
       Ensorcelled Hiber |    15 |       |       |       |       ||    15
       Confuse           |    22 |    27 |   101 |   275 |    91 ||   516
       Tukima's Dance    |       |     1 |     6 |    66 |       ||    73
       Inner Flame       |       |       |       |       |     1 ||     1
Invok: Heroism           |       |       |       |     2 |       ||     2
 Abil: Evoke Flight      |     1 |       |       |     1 |       ||     2
Evoke: Wand              |     2 |     1 |     2 |       |       ||     5
  Use: Scroll            |       |     2 |    16 |     9 |     3 ||    30
       Potion            |       |       |     2 |     2 |       ||     4
 Stab: Sleeping          |    24 |    11 |    21 |    10 |    15 ||    81
       Confused          |     7 |    13 |    53 |   132 |    57 ||   262
       Distracted        |       |       |     1 |     2 |       ||     3
       Held in net/web   |       |       |     1 |       |       ||     1
  Eat: Bread ration      |     1 |       |     3 |     2 |       ||     6
       Fruit             |       |     4 |     5 |     6 |     3 ||    18
       Royal jelly       |       |     1 |     2 |     2 |       ||     5
Armor: Robe              |     3 |       |     8 |    14 |     4 ||    29
Dodge: Dodged            |    64 |    26 |   128 |   220 |   117 ||   555
       Deflected         |       |       |       |     2 |       ||     2
Block: Other             |       |       |       |   113 |    43 ||   156
       Reflection        |       |       |       |     2 |       ||     2
